 Dungeon Crawl Stone Soup version 0.28-b1-25-g9875b3fc8c (webtiles) character file.

Game seed: 12687141029879588511

2494 Crownlay the Grappler (level 9, 0/88 HPs)
             Began as a Troll Monk on Feb 8, 2022.
             Was a Believer of Cheibriados.
             Slain by a kobold brigand (12 damage)
             ... in a bailey.
             The game lasted 00:10:27 (4509 turns).

Crownlay the Grappler (Troll Monk)                  Turns: 4509, Time: 00:10:27

Health: 0/88       AC:  4    Str: 31    XL:     9   Next: 28%
Magic:  5/8        EV: 11    Int: 10    God:    Cheibriados [**....]
Gold:   299        SH:  0    Dex: 20    Spells: 8/8 levels left

rFire   . . .      SeeInvis .     - Unarmed
rCold   . . .      Faith    .   (no shield)
rNeg    . . .      Spirit   .   a - +0 robe
rPois   .          Reflect  .   (helmet restricted)
rElec   .          Harm     .   (no cloak)
rCorr   .          Rampage  .   (gloves unavailable)
Will    +....                   (boots unavailable)
Stlth   ++........              (no amulet)
HPRegen 1.04/turn               c - ring of willpower
MPRegen 0.11/turn               h - +6 ring of strength

@: lethally poisoned (0 -> -1), very slow
A: large, unfitting armour, claws 3, regeneration 1, shaggy fur 1, tough skin 1
a: Renounce Religion, Bend Time


You were in a bailey.
You worshipped Cheibriados.
Cheibriados was pleased with you.
You visited 2 branches of the dungeon, and saw 8 of its levels.
You also visited: Bailey.

You collected 299 gold pieces.

Inventory:

Missiles
 m - 2 large rocks (quivered)
 C - 2 boomerangs
Armour
 a - a +0 robe (worn)
 y - a +0 tower shield
Jewellery
 c - a ring of willpower (left claw)
 h - a +6 ring of strength (right claw)
Wands
 q - a wand of flame (24)
 s - a wand of iceblast (6)
 t - a wand of mindburst (14)
 A - a wand of digging (5)
Scrolls
 f - a scroll of magic mapping
 j - 3 scrolls of teleportation
 o - a scroll of noise {unknown}
 p - a scroll of summoning {unknown}
 v - a scroll of vulnerability {unknown}
 w - 3 scrolls of identify
 z - 2 scrolls of enchant armour {unknown}
 B - a scroll of fog {unknown}
Potions
 b - 2 potions of flight {unknown}
 d - a potion of haste {unknown}
 e - a potion of invisibility {unknown}
 g - 2 potions of brilliance {unknown}
 i - a potion of berserk rage {unknown}
 k - 2 potions of curing {unknown}
 l - 2 potions of resistance {unknown}
 n - 2 potions of heal wounds
 r - a potion of ambrosia {unknown}
 u - a potion of magic {unknown}
 x - 4 potions of mutation {unknown}


   Skills:
 + Level 5.5 Fighting
 + Level 5.0 Throwing
 - Level 2.4 Dodging
 - Level 1.0 Stealth
 + Level 2.7 Shields
 * Level 9.1 Unarmed Combat
 + Level 0.8 Invocations


You had 8 spell levels left.
You didn't know any spells.
Your spell library contained the following spells:

 Spells                   Type           Power      Damage    Failure   Level
 Magic Dart               Conj           0%         1d3       36%         1
 Call Imp                 Summ           0%         N/A       50%         2
 Mephitic Cloud           Conj/Pois/Air  0%         N/A       75%         3


Dungeon Overview and Level Annotations

Branches:
Dungeon (7/15)             Temple (1/1) D:6          Bailey (1/1)

Altars:
Ashenzari
Cheibriados
Dithmenos
Elyvilon
Fedhas
Gozag
Hepliaklqana
Kikubaaqudgha
Makhleb
Nemelex Xobeh
Okawaru
Qazlal
Ru
Sif Muna
Trog
Uskayaw
Vehumet
Wu Jian
Xom
Yredelemnul
Zin
The Shining One

Annotations:
D:3 3 runed translucent doors, Jazqba's ghost, amateur HOIE
D:4 3 runed translucent doors, LohmatiyShmel's ghost, novice MiFi


Innate Abilities, Weirdness & Mutations

You are too large for most types of armour.
You have claws for hands.
Your natural rate of healing is unusually fast.
You are covered in fur. (AC +1)
You have tough skin. (AC +1)


Message History

Cheibriados thoroughly appreciates the change of pace.
You feel sick. The kobold hits you but does no damage.
The flow of time bends around you.
Cheibriados rebukes the kobold.
The kobold seems to slow down.
The kobold brigand resists with some effort.
Cheibriados rebukes the kobold brigand.
The kobold brigand seems to slow down.
Cheibriados rebukes the kobold.
The kobold seems to slow down.
You feel sick.
The kobold brigand hits you with a +0 war axe.
You closely miss the kobold brigand.
You feel sick.
The kobold throws a boomerang.
The boomerang hits you.
The kobold brigand hits you with a +0 war axe.
The kobold closely misses you.
You closely miss the kobold brigand.
You feel sick.
The kobold brigand hits you with a +0 war axe.
* * * LOW HITPOINT WARNING * * *
The kobold hits you but does no damage. The kobold brigand closely misses you.
You closely miss the kobold brigand. You claw the kobold brigand.
The kobold brigand is moderately wounded.
The kobold closely misses you. The kobold barely misses you.
You claw the kobold brigand!
The kobold brigand is severely wounded.
You feel sick. The kobold brigand closely misses you.
The kobold closely misses you.
The kobold brigand hits you with a +0 war axe!
* * * LOW HITPOINT WARNING * * *
The kobold barely misses you.
You scratch the kobold brigand.
The kobold brigand is almost dead.
You feel sick.
The kobold brigand hits you with a +0 war axe.
* * * LOW HITPOINT WARNING * * *
The kobold barely misses you.
You claw the kobold brigand!
You kill the kobold brigand!
The kobold barely misses you. The kobold hits you but does no damage.
The kobold brigand hits you with a +0 war axe!
You die...

#≈≈.......≈≈###
.≈≈...(...≈≈...
#≈≈....(..≈≈#
##≈....†..≈##
####...####
#.(.# #...#
#.KK# ##'K@##
##..KK.##
#.......#
#...∩...#
##.....##
#######


You could see a kobold brigand and 4 kobolds.

Vanquished Creatures
  Eustachio (D:5)
  Menkaure (D:6)
  Edmund (D:4)
  A water moccasin (D:5)
  2 sky beasts
  2 black bears (D:6)
  5 ogres
  3 necrophages
  2 phantoms
  2 kobold brigands (Bailey)
  A water moccasin zombie (D:5)
  3 howler monkeys (D:7)
  A hound (D:4)
  A bullfrog zombie (D:6)
  A centaur skeleton (D:6)
  A gnoll shaman (D:6)
  A bullfrog skeleton (D:6)
  Ijyb (D:5)
  A scorpion zombie (D:5)
  Natasha (thrice) (D:4)
  3 iguanas
  A hound skeleton (D:3)
  A howler monkey zombie (D:5)
  4 gnolls
  7 adders
  A howler monkey skeleton (D:4)
  A white imp (D:6)
  2 dart slugs
  7 orcs
  5 ball pythons
  9 endoplasms
  A giant cockroach (D:2)
  8 hobgoblins
  3 jackals (D:2)
  2 quokkas
  5 bats
  2 frilled lizards
  11 goblins
  11 kobolds
  8 rats
126 creatures vanquished.

Notes
Turn   | Place    | Note
-------+----------+-------------------------------------------
     0 | D:1      | Crownlay the Troll Monk began the quest for the Orb.
     0 | D:1      | Reached XP level 1. HP: 22/22 MP: 0/0
    22 | D:1      | Reached XP level 2. HP: 17/29 MP: 1/1
   216 | D:1      | Reached XP level 3. HP: 36/36 MP: 2/2
   406 | D:1      | Found a faded altar of an unknown god.
   548 | D:2      | Reached skill level 4 in Unarmed Combat
   915 | D:2      | Reached XP level 4. HP: 45/45 MP: 3/3
  1160 | D:3      | Reached skill level 1 in Throwing
  1167 | D:3      | Noticed a necrophage
  1242 | D:3      | Killed a necrophage
  1243 | D:3      | Reached skill level 5 in Unarmed Combat
  1243 | D:3      | Reached XP level 5. HP: 49/53 MP: 4/4
  1335 | D:3      | Found a runed translucent gate.
  1335 | D:3      | Found a runed translucent gate.
  1335 | D:3      | Found a runed translucent gate.
  1345 | D:3      | Noticed Jazqba's ghost (amateur HOIE)
  1824 | D:4      | Noticed an ogre
  1833 | D:4      | Killed an ogre
  1834 | D:4      | Reached XP level 6. HP: 32/62 MP: 5/5
  1887 | D:4      | Noticed Edmund
  1895 | D:4      | Killed Edmund
  1994 | D:4      | Found a runed translucent gate.
  1995 | D:4      | Found a runed translucent gate.
  1995 | D:4      | Found a runed translucent gate.
  1995 | D:4      | Found an opulent altar of Gozag.
  1997 | D:4      | Noticed LohmatiyShmel's ghost (novice MiFi)
  2083 | D:4      | Reached skill level 6 in Unarmed Combat
  2083 | D:4      | Reached XP level 7. HP: 70/70 MP: 6/6
  2360 | D:4      | Noticed Natasha
  2374 | D:4      | Killed Natasha
  2580 | D:4      | Noticed Natasha
  2589 | D:4      | Killed Natasha
  2703 | D:4      | Noticed Natasha
  2713 | D:4      | Killed Natasha
  2852 | D:5      | Entered Level 5 of the Dungeon
  2852 | D:5      | Noticed Ijyb
  2858 | D:5      | Killed Ijyb
  2885 | D:5      | Reached skill level 7 in Unarmed Combat
  3117 | D:5      | Reached XP level 8. HP: 79/79 MP: 7/7
  3161 | D:5      | Noticed Eustachio
  3169 | D:5      | Killed Eustachio
  3313 | D:5      | Reached skill level 1 in Shields
  3370 | D:5      | Found an opulent altar of Gozag.
  3475 | D:6      | Reached skill level 8 in Unarmed Combat
  3486 | D:6      | Reached skill level 5 in Fighting
  3987 | D:6      | Reached XP level 9. HP: 85/88 MP: 8/8
  4016 | D:6      | Noticed Menkaure
  4020 | D:6      | Killed Menkaure
  4021 | D:6      | Reached skill level 9 in Unarmed Combat
  4101 | D:6      | Found a staircase to the Ecumenical Temple.
  4110 | Temple   | Entered the Ecumenical Temple
  4279 | Temple   | Became a worshipper of Cheibriados the Contemplative
  4279 | Temple   | Reached * piety under Cheibriados
  4279 | Temple   | Reached ** piety under Cheibriados
  4404 | D:7      | Reached skill level 5 in Throwing
  4450 | D:7      | Found a flagged portal.
  4471 | Bailey   | Entered a bailey
  4509 | Bailey   | Slain by a kobold brigand

Illustrated notes

Levels and vault maps discovered:
D:1:      minmay_arrival_arboretum_large, layout_rooms,
          dreamdust_ecumenical_altar_hidden_monk_grotto
D:2:      layout_loops_cross
D:3:      layout_rooms, gammafunk_ghost_necromancy, minivault_5,
          hangedman_abyss_or_decor_lesser_grid
D:4:      layout_basic, ebering_ghost_gozag, uniq_natasha, uniq_edmund
D:5:      layout_rooms, lemuel_round_altar, moated_statue, uniq_eustachio,
          uniq_ijyb
D:6:      layout_gridville, minmay_temple_entry_antechambers,
          kennysheep_generic_room_12, uniq_menkaure
D:7:      layout_basic, enter_bailey_3, chequers_ossuary_entry_cave
Temple:   minmay_crystal_snake_temple
Bailey:   bailey_axe_3, bailey

Skill      XL: |  1  2  3  4  5  6  7  8  9 |
---------------+----------------------------+-----
Unarmed Combat | 4 5 6 7 8 9 |  9.1
Fighting       | 3 4 5 |  5.5
Throwing       | 1 2 3 4 5 |  5.0
Shields        | 2 |  2.7
Dodging        | |  2.4
Stealth        | |  1.0
Invocations    | |  0.8

Action                   |  1- 3 |  4- 6 |  7- 9 || total
-------------------------+-------+-------+-------++-------
Melee: Unarmed           |    97 |    79 |   166 ||   342
       Punch             |       |     6 |     7 ||    13
Throw: Large rock        |       |    12 |    19 ||    31
Invok: Bend Time         |       |       |     1 ||     1
  Use: Scroll            |       |       |     3 ||     3
 Stab: Sleeping          |       |     2 |       ||     2
Armor: Robe              |    19 |    36 |    40 ||    95
Dodge: Dodged            |    42 |    51 |    78 ||   171
